 Dungeon Crawl Stone Soup version 0.31-a0-640-g39d97e502b (webtiles) character file.

Game seed: 13585637692688689193

72 qw the Shooter (level 4, -3/28 HPs)
             Began as a Gargoyle Hunter on Aug 27, 2023.
             Slain by Robin
             ... wielding a +0 mace
              (5 damage)
             ... on level 2 of the Dungeon.
             The game lasted 00:00:29 (1277 turns).

qw the Shooter (Gargoyle Hunter)                    Turns: 1277, Time: 00:00:30

Health: -3/28      AC:  6    Str: 14    XL:     4   Next: 26%
Magic:  4/4        EV: 11    Int: 10    God:
Gold:   53         SH:  0    Dex: 15    Spells: 3/3 levels left

rFire   . . .        Y - +0 shortbow
rCold   . . .        (shield currently unavailable)
rNeg    + . .        c - +0 leather armour
rPois   inf          (no helmet)
rElec   +            (no cloak)
rCorr   .            (no gloves)
SInv    .            (no boots)
Will    .....        h - amulet of faith
Stlth   ++           (no ring)
HPRegen 0.24/turn    (no ring)
MPRegen 0.09/turn

%: faith
@: about to teleport
A: sickness immunity, AC +3, negative energy resistance 1, electricity
resistance, torment resistance 1, petrification resistance
a: no special abilities


You were on level 2 of the Dungeon.
You visited 1 branch of the dungeon, and saw 2 of its levels.

You collected 53 gold pieces.


Innate Abilities, Weirdness & Mutations

You are immune to sickness and miasma.
Your stone body is resilient. (AC +3)
You are immune to poison.
You resist negative energy. (rN+)
You are resistant to electric shocks. (rElec)
You are resistant to unholy torment.
You are immune to petrification.


   Skills:
 - Level 3.0 Fighting
 + Level 5.3 Ranged Weapons
 - Level 1.5 Dodging
 - Level 1.1 Stealth


You had 3 spell levels left.
You didn't know any spells.
Your spell library was empty.

Inventory:

Hand Weapons
 Y - a +0 shortbow (weapon)
Armour
 c - a +0 leather armour (worn)
Jewellery
 b - an amulet of regeneration
 h - an amulet of faith (around neck)
Scrolls
 a - a scroll of identify
Potions
 e - a potion of lignification {unknown}
 g - a potion of might {unknown}

Dungeon Overview and Level Annotations

Branches:
Dungeon (2/15)

Altars:

Shops:
D:2 =

Annotations:
D:2 Robin


Message History

The goblins go into a battle-frenzy!
You hear a shout!
You shoot an arrow. The arrow hits the goblin.
The goblin is moderately wounded.
The goblin hits you but does no damage. The goblin closely misses you.
The goblin misses you.
You shoot an arrow. The arrow closely misses Robin.
The hobgoblin hits you but does no damage.
The goblin barely misses you. Robin throws the goblin at you!
A goblin comes into view. It is wielding a +0 club.
The goblin hits you with a +0 dagger.
You shoot an arrow. The arrow hits Robin.
Robin is heavily wounded.
Robin hits you but does no damage. The hobgoblin barely misses you.
The goblin hits you with a +0 dagger. The ball python misses you.
The ball python closely misses you. The goblin hits you but does no damage.
You shoot an arrow. The arrow barely misses Robin.
The ball python barely misses you. The ball python grabs you.
The ball python constricts you.
The hobgoblin hits you but does no damage.
The goblin hits you with a +0 dagger.
A goblin comes into view. It is wielding a +0 dagger.
Robin hits you with a +0 mace. The goblin hits you with a +0 dagger.
The ball python bites you but does no damage.
The ball python constricts you.
You shoot an arrow. The arrow hits the ball python!
You kill the ball python!
Robin barely misses you. The hobgoblin closely misses you.
The goblin hits you with a +0 dagger. The goblin misses you. Robin misses you.
The hobgoblin closely misses you. The goblin hits you with a +0 club.
A goblin comes into view. It is wielding a +0 club.
The goblin hits you but does no damage.
1277 ||| READING scroll of teleportation.
As you read the scroll of teleportation, it crumbles to dust.
You feel strangely unstable. The goblin hits you but does no damage.
The hobgoblin barely misses you. The goblin hits you with a +0 dagger.
The goblin hits you but does no damage. Robin hits you with a +0 mace.
You die...
Robin says, "And that's why I'm the boss."

#.........##..
#..............##..
#..###.........##.. .
.###..#
#............. ..
.....###.######......
...##.....#.# #......
<.........# #......
#...g.# #######
#.####gg@..######
#......ggg......#
######.#.######.#
#g#.# #.# # #.#)#
#.## #### #.#.#
#..#####... gg#.#
##.......## g...#
#######... .$### ####


You could see Robin, a hobgoblin (strong) and 5 goblins.

Vanquished Creatures
  3 adders
  A worm (D:2)
  A dart slug (D:2)
  3 bats (D:2)
  2 endoplasms
  2 giant cockroaches (D:1)
  7 goblins
  4 jackals (D:1)
  6 kobolds (D:1)
  5 quokkas
  A ball python (D:2)
  6 rats
41 creatures vanquished.

Notes
Turn   | Place    | Note
-------+----------+-------------------------------------------
     0 | D:1      | qw the Gargoyle Hunter began the quest for the Orb.
     0 | D:1      | Reached XP level 1. HP: 12/12 MP: 1/1
     0 | D:1      | 0 ||| qw: Version: 0.3-a-74-g0d5e918
     0 | D:1      | 0 ||| qw: Game counter: 140
     0 | D:1      | 0 ||| qw: Melee chars always use a shield: true
     0 | D:1      | 0 ||| qw: God list: Okawaru
     0 | D:1      | 0 ||| qw: Allow faded altars: false
     0 | D:1      | 0 ||| qw: Do Orc after clearing Dungeon:15 true
     0 | D:1      | 0 ||| qw: Do second Lair branch before Depths: true
     0 | D:1      | 0 ||| qw: Lair rune preference: random
     0 | D:1      | 0 ||| qw: Goals: Normal
     0 | D:1      | 0 ||| PLANNING D:1-11
   110 | D:1      | Reached XP level 2. HP: 17/17 MP: 2/2
   285 | D:1      | Found a faded altar of an unknown god.
   878 | D:1      | 878 ||| UPGRADING to amulet of faith.
   883 | D:1      | 883 ||| READING 2 scrolls labelled CED UBO REUFEO.
   884 | D:1      | 884 ||| READING scroll labelled VULYIL PEEJUSIH.
   887 | D:1      | 887 ||| DROPPING scroll of butterflies.
   944 | D:2      | Reached XP level 3. HP: 21/21 MP: 3/3
   954 | D:2      | Reached skill level 5 in Ranged Weapons
  1005 | D:2      | 1005 ||| FLEEEEING.
  1006 | D:2      | 1006 ||| FLEEEEING.
  1008 | D:2      | 1008 ||| STAIRDANCE
  1023 | D:2      | 1023 ||| STAIRDANCE
  1056 | D:2      | Reached skill level 3 in Fighting
  1072 | D:2      | Identified the +4 dagger of the Valley {freeze, rPois rC+
                  | Stlth+}
  1081 | D:2      | Found Joviuvew's Jewellery Shop.
  1087 | D:2      | Reached XP level 4. HP: 28/28 MP: 4/4
  1094 | D:2      | 1094 ||| SHOPLISTING +4 ring of protection (432 gold, have
                  | 48).
  1094 | D:2      | 1094 ||| SHOPLISTING +5 ring of evasion (432 gold, have
                  | 48).
  1094 | D:2      | 1094 ||| SHOPLISTING ring of fire (300 gold, have 48).
  1094 | D:2      | 1094 ||| SHOPLISTING ring of protection from cold (300
                  | gold, have 48).
  1094 | D:2      | 1094 ||| SHOPLISTING ring of protection from fire (300
                  | gold, have 48).
  1264 | D:2      | Noticed Robin
  1265 | D:2      | 1265 ||| Stepping ~*~*~tactically~*~*~ (outnumbered).
  1276 | D:2      | HP: 7/28 [goblin/+0 club[Robin] (3)]
  1277 | D:2      | 1277 ||| READING scroll of teleportation.
  1277 | D:2      | HP: 2/28 [goblin/+0 dagger[Robin] (5)]
  1277 | D:2      | Slain by Robin

Levels and vault maps discovered:
D:1:      heliophobic_arrival_battle_scene, layout_basic,
          shapermc_ecumenical_altar_notcrosses
D:2:      minmay_general_purpose_star, layout_basic, serial_shops, shop,
          uniq_robin

Skill      XL: |  1  2  3 |
---------------+----------+-----
Ranged Weapons | 5 |  5.3
Fighting       | 3 |  3.0
Dodging        | |  1.5
Stealth        | |  1.1

Action                     |  1- 3 |  4- 6 || total
---------------------------+-------+-------++-------
   Fire: Shortbow          |    88 |    29 ||   117
    Use: Scroll            |     2 |     1 ||     3
 Armour: Leather armour    |    27 |    12 ||    39
  Dodge: Dodged            |    33 |    16 ||    49

Table legend:
 A = Non-vault XP
 B = Vault XP
 C = Vault XP percentage of total XP
 D = Non-vault monster count
 E = Vault monster count
 F = Vault count percentage of total count
                 A         B        C        D         E       F
            +---------+---------+-------+---------+---------+-------
      Total |      95 |       9 |   8.7 |      35 |       6 |  14.6
            +---------+---------+-------+---------+---------+-------
        D:1 |      47 |       0 |   0.0 |      23 |       0 |   0.0
        D:2 |      48 |       9 |  15.8 |      12 |       6 |  33.3
            +---------+---------+-------+---------+---------+-------
